 Dungeon Crawl Stone Soup version 0.30-a0-634-g8abc85282e (webtiles) character file.

Game seed: 6338097034950648031

9352 OTABOTABOTAB the Nimble (level 11, 54/54 HPs)
             Began as a Felid Summoner on Jan 14, 2023.
             Was an Initiate of Gozag.
             Quit the game on level 4 of the Lair of Beasts.
             The game lasted 01:17:18 (21915 turns).

OTABOTABOTAB the Nimble (Felid Summoner)           Turns: 21915, Time: 01:17:19

Health: 54/54      AC:  3    Str:  4    XL:     11   Next: 21%
Magic:  26/26      EV: 28    Int: 20    God:    Gozag
Gold:   383        SH:  0    Dex: 20    Spells: 7/30 levels left
                                        Lives:  0   Deaths: 3

rFire   + . .      SeeInvis +    (weapon unavailable)
rCold   + + .      Faith    .    (shield unavailable)
rNeg    . . .      Spirit   .    (body armour unavailable)
rPois   .          Reflect  .    (helmet unavailable)
rElec   .          Harm     .    (cloak unavailable)
rCorr   +          Rampage  .    (gloves unavailable)
Will    +....                    (boots unavailable)
Stlth   ++                       u - amulet of magic regeneration
HPRegen 0.29/turn                h - ring of the Rabble {rF+ rC+ rCorr Dex+2}
MPRegen 0.60/turn                Z - ring of wizardry {Wiz+, !d}

@: quick
A: very small, claws 1, fangs 3, see invisible, speed 1, shaggy fur 3, stealthy
paws, no weapons or thrown items, no armour, multi-lived
a: Renounce Religion, Potion Petition, Call Merchant, Bribe Branch


You were on level 4 of the Lair of Beasts.
You worshipped Gozag.
Gozag was aware of your devotion.
You visited 3 branches of the dungeon, and saw 15 of its levels.
You also visited: Ossuary and Bailey.

You collected 3001 gold pieces.
You spent 720 gold pieces at shops.
You paid 1898 gold pieces to Gozag.

Inventory:

Missiles
 g - 2 curare-tipped darts
Jewellery
 h - the ring of the Rabble (left paw) {rF+ rC+ rCorr Dex+2}
   (You found it on level 2 of the Dungeon)

   [ring of resist corrosion]

   Dex:       It affects your dexterity (+2).
   rF:        It protects you from fire.
   rC:        It protects you from cold.
   rCorr:     It protects you from acid and corrosion.
 m - a +6 ring of dexterity
   (You found it on level 1 of the Lair of Beasts)
 n - a ring of resist corrosion
   (You found it on level 2 of the Dungeon)
 p - a ring of flight {+Fly, !d}
   (You found it on level 8 of the Dungeon)
 u - an amulet of magic regeneration (around neck)
   (You bought it in a shop on level 1 of the Lair of Beasts)
 A - a +4 ring of protection
   (You found it on level 3 of the Lair of Beasts)
 Z - a ring of wizardry (right paw) {Wiz+, !d}
   (You bought it in a shop on level 1 of the Lair of Beasts)
Wands
 b - a wand of roots (5)
   (You found it on level 10 of the Dungeon)
 d - a wand of digging (4)
   (You took it off Maurice on level 10 of the Dungeon)
 e - a wand of charming (11)
   (You found it on level 8 of the Dungeon)
 q - a wand of flame (21)
   (You found it on level 10 of the Dungeon)
 s - a wand of light (6)
   (You found it on level 1 of the Lair of Beasts)
 y - a wand of mindburst (7)
   (You found it on level 1 of the Lair of Beasts)
Scrolls
 a - 5 scrolls of poison {!r}
 c - a scroll of fog
 f - 5 scrolls of amnesia
 i - 4 scrolls of identify {@r1}
 r - a scroll of torment {!r}
 t - a scroll of brand weapon {unknown}
 D - a scroll of blinking {!r}
 O - a scroll of silence
 X - 5 scrolls of magic mapping {@r4!r}
 Y - 8 scrolls of teleportation {@r3}
Potions
 j - 3 potions of might
 l - a potion of degeneration {!q}
 o - 3 potions of cancellation
 v - 4 potions of attraction {!q}
 B - 4 potions of brilliance
 H - a potion of haste
 I - a potion of invisibility
 J - 6 potions of curing {@q1}
 L - 6 potions of flight
 M - 2 potions of magic
 N - 6 potions of heal wounds {@q2}
 P - 4 potions of lignification {!q}
 R - a potion of resistance
 U - 2 potions of mutation {!q}
Miscellaneous
 k - a piece from Xom's chessboard (15/15)
   (You found it in a bailey)


   Skills:
 + Level 10.0 Fighting
 + Level 13.1 Dodging
 - Level 2.6 Stealth
 - Level 10.0 Spellcasting
 + Level 6.9 Hexes
 - Level 10.0 Summonings
 + Level 4.6 Translocations
 - Level 7.0 Air Magic


You had 7 spell levels left.
You knew the following spells:

 Your Spells              Type           Power      Damage    Failure   Level
a - Summon Small Mammal   Summ           100%       N/A       1%          1
b - Call Canine Familiar  Summ           50%        N/A       1%          3
c - Call Imp              Summ           50%        N/A       1%          2
d - Summon Guardian Gole  Hex/Summ       43%        N/A       1%          3
e - Summon Lightning Spi  Summ/Air       44%        N/A       1%          4
f - Summon Mana Viper     Hex/Summ       43%        N/A       2%          5
g - Summon Forest         Summ/Tloc      19%        N/A       4%          5

Your spell library contained the following spells:

 Spells                   Type           Power      Damage    Failure   Level
 Poisonous Vapours        Pois/Air       48%        N/A       1%          2
 Gell's Gravitas          Tloc           28%        N/A       1%          3
 Lesser Beckoning         Tloc           56%        N/A       1%          3
 Teleport Other           Tloc           28%        N/A       1%          3
 Vhi's Electric Charge    Tloc/Air       66%        N/A       1%          3
 Freeze                   Ice            40%        1d6       2%          1
 Sting                    Tmut/Pois      40%        1d5       2%          1
 Summon Cactus Giant      Summ           25%        N/A       7%          6
 Frozen Ramparts          Ice            20%        1d4       9%          3
 Hailstorm                Conj/Ice       10%        3d5       9%          3
 Arcjolt                  Conj/Air       12%        1d22      17%         5
 Olgreb's Toxic Radiance  Pois           10%        N/A       26%         4
 Borgnjor's Vile Clutch   Necr/Erth      5%         N/A       56%         5
 Death Channel            Necr           5%         N/A       98%         6
 Maxwell's Capacitive Co  Air            19%        ∞         100%        8
 Animate Dead             Necr           Unusable   N/A       N/A         4

Dungeon Overview and Level Annotations

Branches:
Dungeon (10/15)            Temple (1/1) D:7            Lair (4/5) D:9
 Shoals (0/4) Lair:3       Spider (0/4) Lair:2          Orc (0/2) D:10
Ossuary (visited)          Bailey (visited)
  Slime: Lair:4-5

Altars:
Ashenzari
Cheibriados
Dithmenos
Elyvilon
Fedhas
Gozag
Hepliaklqana
Kikubaaqudgha
Makhleb
Nemelex Xobeh
Okawaru
Qazlal
Ru
Sif Muna
Trog
Uskayaw
Vehumet
Wu Jian
Xom
Yredelemnul
Zin
The Shining One

Shops:
Lair:1 =   Lair:3 =

Annotations:
D:9 exclusion: downstairs


Innate Abilities, Weirdness & Mutations

You have sharp claws.
You have razor-sharp teeth.
You have supernaturally acute eyesight. (SInv)
You cover ground quickly. (Speed+)
Your thick and shaggy fur keeps you warm. (AC +3, rC+)
Your paws help you pounce on unaware monsters.
You are incapable of wielding weapons or throwing items.
You cannot wear armour.
You gain extra lives every three experience levels.


Message History

Your crimson imp closely misses the black mamba.
The black mamba bites your guardian golem.
Your bat completely misses the black mamba.
Your wolf barely misses the black mamba.
Your quokka closely misses the black mamba.
The black mamba bites your guardian golem!
Your guardian golem overheats!
Your crimson imp barely misses the black mamba.
A mana viper appears with a sibilant hiss.
The black mamba bites your guardian golem!
Flame seeps out of your guardian golem.
Your wolf closely misses the black mamba.
Your quokka barely misses the black mamba.
Your bat hits the black mamba.
The black mamba bites your guardian golem.
Flame seeps out of your guardian golem.
Your wolf closely misses the black mamba.
Your guardian golem is engulfed in blazing flames.
Flame seeps out of your guardian golem.
Your crimson imp hits the black mamba.
Your quokka closely misses the black mamba.
You now have 14/27 mp.
You swap places.
The black mamba bites your guardian golem but does no damage.
Your wolf closely misses the black mamba.
Your bat hits the black mamba.
The black mamba bites your guardian golem.
Flame seeps out of your guardian golem.
Your wolf bites the black mamba!
Your bat closely misses the black mamba. x2
Your quokka bites the black mamba.
The black mamba misses your quokka.
Your crimson imp closely misses the black mamba.
Your guardian golem is engulfed in blazing flames.
Your guardian golem disappears in a puff of smoke!
The fiery explosion engulfs your wolf!!
The fiery explosion engulfs your quokka!!!
Your quokka dies!
Your quokka's corpse disappears in a puff of smoke!
The fiery explosion engulfs your mana viper!!
The fiery explosion engulfs the black mamba!!
The black mamba dies!
The fiery explosion engulfs your crimson imp.
Your crimson imp completely resists.
Your wolf is engulfed in blazing flames.
Your mana viper is engulfed in blazing flames.
You hear a roar!
Your Fighting skill increases to level 10!
Your wolf is engulfed in blazing flames.
Your wolf dies!
Your wolf's corpse disappears in a puff of smoke!
Your lightning spire disappears in a puff of smoke!
Your mana viper disappears in a puff of smoke!
An eight-headed hydra comes into view.
You regained 5 mp, and now have 21/27 mp.
Unknown command.
An electric hum fills the air.
You now have 18/27 mp.
A guardian golem appears, shielding your allies.
Your bat hits the eight-headed hydra.
Your lightning spire shoots out a bolt of lightning at the eight-headed hydra!
The bolt of electricity hits the eight-headed hydra!
You now have 15/27 mp.
Your bat hits the eight-headed hydra.
Your crimson imp blinks!
You swap places.
Your bat closely misses the eight-headed hydra.
Your lightning spire shoots out a bolt of lightning at the eight-headed hydra!
The bolt of electricity hits your guardian golem.
Your guardian golem resists.
The bolt of electricity hits the eight-headed hydra!
Your bat completely misses the eight-headed hydra.
Your lightning spire shoots out a bolt of lightning at the eight-headed hydra!
The bolt of electricity hits your guardian golem.
Your guardian golem resists.
The bolt of electricity hits the eight-headed hydra!
The eight-headed hydra bites you.
The eight-headed hydra completely misses you.
The eight-headed hydra closely misses you.
The eight-headed hydra bites you!
The eight-headed hydra barely misses you.
The eight-headed hydra bites you! x2
The eight-headed hydra completely misses you.
Your bat hits the eight-headed hydra.
Your crimson imp hits the eight-headed hydra.
You take 37 damage, and have 21/58 hp.
MASSIVE DAMAGE!!
Your bat hits the eight-headed hydra. The eight-headed hydra bites you!
* * * LOW HITPOINT WARNING * * *
The eight-headed hydra misses you.
The eight-headed hydra completely misses you.
The eight-headed hydra barely misses you.
The eight-headed hydra completely misses you.
The eight-headed hydra bites you.
* * * LOW HITPOINT WARNING * * *
The eight-headed hydra bites you.
You die...
The eight-headed hydra completely misses you.
You are now level 11!
You rejoin the land of the living...
Health restored: 54; MP restored: 26 Unknown command.
Unknown command.

##.....###
#........##
##........#####
..............#
.............##
..............#
...............
.......@.......
...............
#..............
.##..........$.
#####.##..###
### ###


There were no monsters in sight!

Vanquished Creatures
  A hobgoblin (D:5)
1 creature vanquished.

Vanquished Creatures (collateral kills)
  A centaur warrior (D:10)
  A two-headed ogre (D:10)
  Amaemon (Lair:1)
  An ugly thing (D:10)
  4 black mambas
  Maurice (D:10)
  A water nymph (Lair:3)
  An unseen horror (D:10)
  5 cane toads
  3 komodo dragons
  3 rime drakes
  2 trolls (D:10)
  A hornet (D:9)
  Prince Ribbit (D:5)
  2 wraiths (D:10)
  A shadow (D:10)
  2 wyverns
  24 yaks
  A basilisk (Lair:3)
  A steam dragon (D:9)
  5 water moccasins
  2 orc warriors
  A sky beast (D:8)
  An ice beast (D:5)
  An ogre (D:6)
  5 black bears
  5 wolves (Lair:3)
  3 centaurs
  2 phantoms
  2 elf zombies (Ossuary)
  4 bullfrogs
  5 kobold brigands
  6 scorpions
  A necrophage (D:5)
  8 killer bees
  An electric eel (Lair:3)
  2 howler monkeys (D:10)
  2 centaur zombies (Ossuary)
  10 hounds
  6 jellies
  Crazy Yiuf (D:3)
  3 orc priests
  2 iguanas
  5 orc wizards
  A mummy (Ossuary)
  7 gnolls
  9 adders
  A shadow imp (D:6)
  A nameless horror (D:5)
  An ufetubus (D:6)
  5 worms
  6 dart slugs
  35 orcs
  8 ball pythons
  A bat (D:2)
  5 endoplasms
  6 giant cockroaches
  21 goblins
  13 hobgoblins
  5 jackals
  9 quokkas
  A frilled lizard (D:3)
  2 goblin zombies (Ossuary)
  12 hobgoblin zombies (Ossuary)
  43 kobolds
  6 kobold zombies (Ossuary)
  5 orc zombies (Ossuary)
  8 rats
  A rat zombie (Ossuary)
352 creatures vanquished.

Vanquished Creatures (others)
  A centaur warrior (D:10)
  A tengu warrior (D:10)
  Urug (D:10)
  A black mamba (Lair:4)
  A water nymph (Lair:3)
  Joseph (D:9)
  A cane toad (Lair:3)
  An orange demon (Lair:1)
  A komodo dragon (Lair:1)
  A troll (D:9)
  11 yaks
  A basilisk (Lair:1)
  A wyvern (D:6)
  2 steam dragons
  An acid dragon (D:10)
  2 orc warriors (Bailey)
  A centaur (D:5)
  An ogre (D:5)
  2 scorpions
  3 wights (D:6)
  5 killer bees (D:8)
  An orc priest (D:9)
  A human zombie (Ossuary)
  2 iguanas
  An orc wizard (D:10)
  A mummy (Ossuary)
  A gnoll (D:4)
  An orc (D:8)
  A goblin (D:5)
  4 hobgoblin zombies (Ossuary)
  A kobold (D:8)
  2 kobold zombies (Ossuary)
  10 fungi
  7 plants
73 creatures vanquished.

Grand Total: 426 creatures vanquished

Notes
Turn   | Place    | Note
-------+----------+-------------------------------------------
     0 | D:1      | OTABOTABOTAB the Felid Summoner began the quest for the
                  | Orb.
     0 | D:1      | Reached XP level 1. HP: 7/7 MP: 4/4
   246 | D:1      | Reached XP level 2. HP: 11/11 MP: 3/6
   249 | D:1      | Learned a level 2 spell: Call Imp
   949 | D:1      | Reached XP level 3. HP: 14/14 MP: 4/8
  1015 | D:1      | Learned a level 3 spell: Call Canine Familiar
  1510 | D:2      | Identified the ring of the Rabble {rF+ rC+ rCorr Dex+2}
  1927 | D:2      | Reached skill level 3 in Spellcasting
  2545 | D:3      | Reached XP level 4. HP: 18/18 MP: 1/9
  2549 | D:3      | Learned a level 3 spell: Summon Guardian Golem
  3314 | D:3      | Found a runed translucent door.
  3315 | D:3      | Noticed Crazy Yiuf
  3409 | D:3      | Killed Crazy Yiuf
  3410 | D:3      | Reached skill level 1 in Hexes
  3410 | D:3      | Reached skill level 5 in Summonings
  3740 | D:4      | Reached skill level 2 in Hexes
  3740 | D:4      | Reached XP level 5. HP: 8/21 MP: 6/11
  4519 | D:4      | Reached skill level 3 in Hexes
  4955 | D:5      | Entered Level 5 of the Dungeon
  4955 | D:5      | Noticed an ice beast
  5002 | D:5      | Killed an ice beast
  5003 | D:5      | Reached skill level 3 in Dodging
  5003 | D:5      | Reached skill level 4 in Spellcasting
  5003 | D:5      | Gained mutation: You are covered in thick fur. (AC +2)
                  | [Felid growth]
  5003 | D:5      | Reached XP level 6. HP: 25/25 MP: 2/13
  5213 | D:5      | Reached skill level 1 in Fighting
  5213 | D:5      | Reached skill level 4 in Hexes
  5447 | D:5      | HP: 5/25 [centaur/arrow (11)]
  5461 | D:5      | HP: 6/25 [quokka (2)]
  5908 | D:5      | Reached XP level 7. HP: 28/28 MP: 2/14
  6031 | D:5      | HP: 7/28 [gnoll/+0 whip (8)]
  6070 | D:4      | Trevise: OH HAI
  6071 | D:4      | OTABOTABOTAB: HI
  6071 | D:4      | OTABOTABOTAB: WELCOME TO BEING A CAT LORD
  6071 | D:4      | Trevise: lol
  6071 | D:4      | OTABOTABOTAB: damn it. every time
  6232 | D:4      | OTABOTABOTAB: oops
  6296 | D:5      | Reached skill level 6 in Summonings
  6296 | D:5      | Trevise: Do you still get less xp for summ kills?
  6297 | D:5      | OTABOTABOTAB: idk
  6297 | D:5      | OTABOTABOTAB: last night i had one make it through lair and
                  | orc
  6297 | D:5      | OTABOTABOTAB: died D:15 to a centaur hunter
  6297 | D:5      | OTABOTABOTAB: well, final death
  6297 | D:5      | OTABOTABOTAB: i wasted 2 deaths in a portal'd room to get
                  | an amulet of regenMP++ regen++
  6297 | D:5      | OTABOTABOTAB: which was worth it
  6297 | D:5      | OTABOTABOTAB: until it wasn't
  6446 | D:5      | Reached skill level 2 in Fighting
  6578 | D:5      | Reached skill level 4 in Dodging
  6793 | D:5      | Trevise: yeah heh
  6800 | D:5      | Reached skill level 5 in Hexes
  6833 | D:5      | OTABOTABOTAB: phew
  6833 | D:5      | OTABOTABOTAB: so failed casting summoning is real bad
  6833 | D:5      | OTABOTABOTAB: it summons abyss shit
  6833 | D:5      | OTABOTABOTAB: lol
  6981 | D:5      | Noticed Prince Ribbit
  6985 | D:5      | HP: 5/30 [Prince Ribbit (14)]
  6998 | D:5      | HP: 5/30 [hound (3)]
  7004 | D:5      | HP: 4/30 [hound (2)]
  7012 | D:5      | HP: 1/30 [hound (4)]
  7027 | D:5      | HP: 2/30 [hound (3)]
  7029 | D:5      | Slain by a hound
  7030 | D:5      | Reached XP level 6. HP: -1/27 MP: 13/13
  7122 | D:5      | Killed Prince Ribbit
  7123 | D:5      | Reached XP level 7. HP: 20/30 MP: 3/15
  7245 | D:5      | Reached skill level 3 in Fighting
  7245 | D:5      | Reached skill level 5 in Dodging
  7245 | D:5      | Reached skill level 5 in Spellcasting
  7250 | D:5      | Learned a level 4 spell: Summon Lightning Spire
  7649 | D:5      | Found a hide-covered altar of Uskayaw.
  8070 | D:6      | Trevise: Yikes
  8088 | D:6      | Reached skill level 1 in Air Magic
  8268 | D:6      | Found a sand-covered staircase.
  8282 | Ossuary  | Entered an ossuary
  8541 | Ossuary  | Reached XP level 8. HP: 36/36 MP: 10/17
  8593 | Ossuary  | Reached skill level 6 in Dodging
  8779 | Ossuary  | Reached skill level 4 in Fighting
  8779 | Ossuary  | Reached skill level 7 in Summonings
  9241 | D:6      | Reached skill level 2 in Air Magic
  9611 | D:6      | OTABOTABOTAB: guardian golem xD
  9611 | D:6      | OTABOTABOTAB: does 0 damage
  9611 | D:6      | OTABOTABOTAB: absorb damage until overheat
  9611 | D:6      | OTABOTABOTAB: then BOOM
  9684 | D:6      | Found a sparkling altar of Nemelex Xobeh.
  9684 | D:6      | Found a shimmering altar of Xom.
  9684 | D:6      | Found a basalt altar of Yredelemnul.
  9686 | D:6      | Found a radiant altar of Vehumet.
 10150 | D:6      | Trevise: I love that
 10162 | D:6      | Trevise: Moving footbomb
 10203 | D:6      | Reached skill level 6 in Spellcasting
 10204 | D:6      | OTABOTABOTAB: yep
 10204 | D:6      | OTABOTABOTAB: this is an oddly fun way to play lol
 10400 | D:6      | Reached skill level 7 in Dodging
 10400 | D:6      | Reached XP level 9. HP: 39/39 MP: 12/19
 10613 | D:7      | Found a stormy altar of Qazlal.
 10707 | D:7      | Reached skill level 3 in Air Magic
 10721 | D:7      | Reached skill level 5 in Fighting
 10909 | D:7      | Found a shimmering blue altar of Sif Muna.
 10941 | D:7      | Found a staircase to the Ecumenical Temple.
 10947 | Temple   | Entered the Ecumenical Temple
 11413 | D:7      | Identified the +7 sling of Gozag's Esteem {flame, Str+3}
 11475 | D:7      | Trevise: nice slign
 11485 | D:7      | Trevise: sling
 11521 | D:7      | OTABOTABOTAB: lol can't use shit
 11521 | D:7      | OTABOTABOTAB: it's hilarous to find good stuff
 11521 | D:7      | OTABOTABOTAB: and be like oh welp shit
 11521 | D:7      | OTABOTABOTAB: i can literally wear 2 rings and 1 amulet
 11886 | D:8      | Reached skill level 8 in Summonings
 11891 | D:8      | Trevise: Wow...
 11893 | D:8      | Trevise: that's it
 11896 | D:8      | Reached skill level 8 in Dodging
 11896 | D:8      | OTABOTABOTAB: yup
 12150 | D:8      | Trevise: Whose the god?
 12190 | D:8      | Reached skill level 4 in Air Magic
 12225 | D:8      | Found a flagged portal.
 12255 | Bailey   | Entered a bailey
 12256 | Bailey   | OTABOTABOTAB: gozag
 12256 | Bailey   | OTABOTABOTAB: once i find him
 12256 | Bailey   | OTABOTABOTAB: petition for shops
 12256 | Bailey   | OTABOTABOTAB: books/jewelery
 12256 | Bailey   | OTABOTABOTAB: end goal is storm/statue/dragon form w/
                  | manifold assault
 12295 | Bailey   | Trevise: What's manifold assault
 12347 | Bailey   | OTABOTABOTAB: stupidly OP
 12347 | Bailey   | OTABOTABOTAB: so you go storm form/manifold assault is the
                  | #1 goal
 12347 | Bailey   | OTABOTABOTAB: 12 unarmed
 12347 | Bailey   | OTABOTABOTAB: and you just cast this soell
 12347 | Bailey   | OTABOTABOTAB: and it attacks shit on screen using unarmed
 12547 | Bailey   | Trevise: huh cool
 13080 | D:8      | OTABOTABOTAB: lolol lightning spire time
 13090 | D:8      | Reached XP level 10. HP: 37/45 MP: 8/21
 13103 | D:8      | Reached skill level 6 in Fighting
 13764 | D:9      | Noticed Joseph
 13825 | D:9      | Reached skill level 7 in Spellcasting
 13941 | D:9      | Found a snail-covered altar of Cheibriados.
 14007 | D:9      | Killed Joseph
 14279 | D:9      | Reached skill level 9 in Dodging
 14388 | D:9      | Found a staircase to the Lair.
 14401 | D:9      | Reached skill level 5 in Air Magic
 14892 | D:9      | Reached skill level 9 in Summonings
 14894 | D:9      | Reached skill level 7 in Fighting
 15102 | D:10     | Entered Level 10 of the Dungeon
 15109 | D:10     | Identified a scroll of acquirement
 15123 | D:10     | Acquired 939 gold pieces
 15402 | D:10     | Trevise: I love lightning spire
 15402 | D:10     | OTABOTABOTAB: its so good
 15402 | D:10     | OTABOTABOTAB: AND it shoots through the golem
 15402 | D:10     | OTABOTABOTAB: so if you can get it positioned
 15402 | D:10     | OTABOTABOTAB: they have to hit an exploding golem
 15402 | D:10     | OTABOTABOTAB: while getting blasted by lightning
 15435 | D:10     | Reached XP level 11. HP: 42/50 MP: 13/23
 15518 | D:10     | Noticed Maurice
 15559 | D:10     | Killed Maurice
 15560 | D:10     | Reached skill level 10 in Dodging
 15690 | D:10     | Trevise: Noice
 15691 | D:10     | Reached skill level 8 in Spellcasting
 15846 | D:10     | Noticed a centaur warrior
 15867 | D:10     | HP: 2/50 [centaur warrior/arrow (13)]
 15870 | D:10     | Noticed a tengu warrior
 15880 | D:10     | Killed a centaur warrior
 15892 | D:10     | Killed a tengu warrior
 15893 | D:10     | Reached skill level 6 in Air Magic
 15898 | D:10     | OTABOTABOTAB: its def a stressful game of positioning
 15940 | D:10     | Noticed a fire dragon
 16206 | D:10     | Noticed a centaur warrior
 16216 | D:10     | Killed a centaur warrior
 16342 | D:10     | Noticed a purple ugly thing
 16349 | D:10     | Killed a purple ugly thing
 16568 | D:10     | Found a white marble altar of Elyvilon.
 16573 | D:10     | Found a staircase to the Orcish Mines.
 16784 | D:10     | Found an opulent altar of Gozag.
 16790 | D:10     | Became a worshipper of Gozag Ym Sagoz the Greedy
 16860 | D:10     | Noticed a two-headed ogre
 16869 | D:10     | Killed a two-headed ogre
 16961 | D:10     | Noticed Urug
 16971 | D:10     | Killed Urug
 16972 | D:10     | Reached skill level 8 in Fighting
 17242 | D:10     | Reached skill level 11 in Dodging
 17476 | Lair:1   | Entered Level 1 of the Lair of Beasts
 17489 | Lair:1   | HP: 12/51 [black mamba (12)]
 17492 | Lair:1   | HP: 3/51 [black mamba (10)]
 17497 | Lair:1   | Slain by a cane toad
 17498 | Lair:1   | Reached XP level 10. HP: -2/48 MP: 17/23
 17511 | Lair:1   | Reached skill level 10 in Summonings
 17517 | Lair:1   | Killed a black mamba
 17522 | Lair:1   | Killed a cane toad
 17541 | Lair:1   | Reached XP level 11. HP: 52/52 MP: 3/24
 17725 | Lair:1   | Reached skill level 7 in Air Magic
 18026 | Lair:1   | Reached skill level 9 in Spellcasting
 18518 | Lair:1   | Noticed Amaemon
 18536 | Lair:1   | Reached skill level 9 in Fighting
 18566 | Lair:1   | Killed Amaemon
 18567 | Lair:1   | Reached skill level 12 in Dodging
 19344 | Lair:2   | Found a hole to the Spider Nest.
 19893 | Lair:2   | Acquired a book of the Wilderness
 20387 | Lair:3   | Reached skill level 1 in Translocations
 20657 | Lair:3   | Reached skill level 2 in Translocations
 20923 | Lair:3   | Reached skill level 3 in Translocations
 20923 | Lair:3   | Gained mutation: Your thick and shaggy fur keeps you warm.
                  | (AC +3, rC+) [Felid growth]
 20923 | Lair:3   | Reached XP level 12. HP: 46/58 MP: 9/26
 21082 | Lair:3   | Reached skill level 6 in Hexes
 21273 | Lair:3   | Found a staircase to the Shoals.
 21663 | Lair:1   | Bought an amulet of magic regeneration for 360 gold pieces
 21663 | Lair:1   | Bought a ring of wizardry for 360 gold pieces
 21676 | Lair:1   | Learned a level 5 spell: Summon Mana Viper
 21682 | Lair:1   | Learned a level 5 spell: Summon Forest
 21780 | Lair:4   | Reached skill level 10 in Spellcasting
 21788 | Lair:4   | Reached skill level 13 in Dodging
 21788 | Lair:4   | Reached skill level 4 in Translocations
 21898 | Lair:4   | Reached skill level 10 in Fighting
 21907 | Lair:4   | Noticed an eight-headed hydra
 21914 | Lair:4   | HP: 4/58 [eight-headed hydra (17)]
 21914 | Lair:4   | Slain by an eight-headed hydra
 21915 | Lair:4   | Reached XP level 11. HP: 0/54 MP: 18/26
 21915 | Lair:4   | Quit the game

Illustrated notes

Levels and vault maps discovered:
D:1:      dpeg_arrival_ratfight, layout_loops_corners
D:2:      layout_loops_cross, serial_forest, infiniplex_forest_zigzag_1,
          infiniplex_forest_clump_medium, infiniplex_forest_lined_room_3,
          infiniplex_forest_lined_corner, infiniplex_forest_corner_2,
          infiniplex_forest_corner_2, infiniplex_forest_clump_small
D:3:      layout_rooms, uniq_crazy_yiuf_cottage
D:4:      layout_loops_ring
D:5:      corexii_shantytown, layout_cave_pods, kennysheep_little_box,
          st_stairs_4, uniq_prince_ribbit1
D:6:      minmay_chambers_of_threes, layout_loops_ring,
          chequers_temple_overflow_statue_of_worship,
          nicolae_ossuary_entry_monument
D:7:      layout_rooms, mainiacjoe_overflow_24_doors, grunt_qazlal_clouds,
          temple_fountains
D:8:      layout_basic, enter_bailey_5, minivault_19
D:9:      layout_roguey, mainiacjoe_overflow_concentric_impassable,
          david_lair_generic, minmay_tree_intersection, uniq_joseph
D:10:     layout_stronghold, elyvilon_altar_4, general_overflow_altar,
          orc_0_dummy, minmay_stone_trees_small,
          minmay_fractal_squares_gapless_7, uniq_maurice, uniq_urug
Temple:   minmay_temple_bridge_abc
Lair:1:   layout_chaotic_city, grunt_megastairs_3, uniq_amaemon
Lair:2:   layout_hall_layers, nicolae_spider_entry_non_spiders
Lair:3:   layout_regular_city, nicolae_shoals_entry_flooding,
          cheibrodos_lair_caveside_slide
Lair:4:   layout_cave_pods, nicolae_slime_entry_slimehenge, lemuel_fruit_fields,
          infiniplex_staircase_pool_2, lemuel_fruit_fields

Skill      XL: |  1  2  3  4  5  6  7  8  9 10 11 12 |
---------------+-------------------------------------+-----
Spellcasting   | 3 4 5 6 7 9 10 | 10.0
Hexes          | 2 3 4 5 6 |  6.9
Summonings     | 5 6 7 8 10 | 10.0
Dodging        | 3 5 7 8 9 12 13 | 13.1
Fighting       | 1 3 4 5 7 9 10 | 10.0
Air Magic      | 1 2 4 5 7 |  7.0
Translocations | 3 4 |  4.6
Stealth        | |  2.6

Action                   |  1- 3 |  4- 6 |  7- 9 | 10-12 || total
-------------------------+-------+-------+-------+-------++-------
Melee: Unarmed           |     1 |     1 |     1 |       ||     3
       Bite              |       |       |     1 |       ||     1
 Cast: Summon Small Mamm |    41 |    46 |   110 |    93 ||   290
       Call Imp          |    15 |    25 |    50 |    47 ||   137
       Call Canine Famil |    12 |    38 |    67 |    47 ||   164
       Summon Guardian G |       |     7 |    43 |    68 ||   118
       Summon Lightning  |       |       |     1 |    70 ||    71
       Summon Mana Viper |       |       |       |     3 ||     3
Invok: Call Merchant     |       |       |       |     2 ||     2
  Use: Scroll            |       |       |    21 |    10 ||    31
       Potion            |       |       |       |     4 ||     4
Armor: Skin              |     1 |       |    14 |     2 ||    17
Dodge: Dodged            |    16 |    36 |   130 |   114 ||   296

Table legend: (Time is in decaauts)
 A = Elapsed time spent in this place.
 B = Non-inter-level travel time spent in this place.
 C = Inter-level travel time spent in this place.
 D = Time resting spent in this place.
 E = Time spent auto-exploring this place.
 F = Levels seen in this place.
 G = Mean time per level.
                   A        B        C        D        E       F      G
               +--------+--------+--------+--------+--------+-----+--------+
         Total |  19860 |  19217 |    643 |   2393 |  12386 |  17 | 1168.2 |
       Dungeon |  14677 |  14262 |    415 |   2104 |   8962 |  10 | 1467.7 |
        Temple |    200 |    171 |     29 |      0 |    163 |   1 |  200.0 |
          Lair |   3950 |   3752 |    198 |    120 |   2975 |   4 |  987.5 |
       Ossuary |    596 |    596 |      0 |     81 |    256 |   1 |  596.0 |
        Bailey |    436 |    436 |      0 |     88 |     28 |   1 |  436.0 |
               +--------+--------+--------+--------+--------+-----+--------+

Top non-repeatable levels by time:
     D:5: 2432 daAuts
    D:10: 2048 daAuts
     D:6: 1725 daAuts
     D:4: 1638 daAuts
     D:9: 1380 daAuts
     D:8: 1352 daAuts
     D:1: 1321 daAuts
  Lair:3: 1302 daAuts
  Lair:1: 1264 daAuts
  Lair:2: 1235 daAuts
     D:3: 989 daAuts
     D:2: 910 daAuts
     D:7: 878 daAuts
 Ossuary: 596 daAuts
  Bailey: 436 daAuts

Table legend:
 A = Kills in this place as a percentage of kills in entire the game.
 B = Kills by you in this place as a percentage of kills by you in the entire game.
 C = Kills by friends in this place as a percentage of kills by friends in the entire game.
 D = Other kills in this place as a percentage of other kills in the entire game.
 E = Experience gained in this place as a percentage of experience gained in the entire game.
 F = Experience gained in this place divided by the number of levels of this place that you have seen.
                   A       B       C       D       E      F
               +-------+-------+-------+-------+-------+----------------------
         Total | 100.0 | 100.0 | 100.0 | 100.0 | 100.0 | 2058.0
       Dungeon |  69.4 | 100.0 |  70.1 |  64.3 |  51.1 | 1787.0
          Lair |  16.7 |   0.0 |  16.5 |  17.9 |  46.5 | 4066.8
       Ossuary |   9.6 |   0.0 |   8.8 |  14.3 |   1.1 | 395.0
        Bailey |   4.4 |   0.0 |   4.6 |   3.6 |   1.3 | 454.0
               +-------+-------+-------+-------+-------+----------------------
